 Dungeon Crawl Stone Soup version 0.28-a0-556-gab23d0e057 (webtiles) character file.

Game seed: 3252931427392212534

49 meatgazer the Magician (level 3, 0/28 HPs)
             Began as a Gnoll Wanderer on Sept 28, 2021.
             Slain by Terence (5 damage)
             ... on level 3 of the Dungeon.
             The game lasted 00:04:45 (1548 turns).

meatgazer the Magician (Gnoll Wanderer)             Turns: 1548, Time: 00:04:45

Health: 0/28       AC:  4    Str:  9    XL:     3   Next: 77%
Magic:  9/9        EV: 11    Int: 13    God:
Gold:   66         SH:  0    Dex: 12    Spells: 11/12 levels left

rFire   . . .      SeeInvis .   (no weapon)
rCold   . . .      Faith    .   (no shield)
rNeg    . . .      Spirit   .   c - +0 robe
rPois   .          Reflect  .   f - +1 helmet
rElec   .          Harm     .   (no cloak)
rCorr   .          Rampage  .   (no gloves)
Will    .....                   (no boots)
Stlth   +.........              (no amulet)
HPRegen 0.09/turn               (no ring)
MPRegen 0.11/turn               (no ring)

@: no status effects
A: fangs 1, strong nose, distributed training
a: no special abilities


You were on level 3 of the Dungeon.
You visited 1 branch of the dungeon, and saw 3 of its levels.

You collected 66 gold pieces.

Inventory:

Hand Weapons
 a - a +0 vorpal shortbow
Missiles
 b - 19 arrows
Armour
 c - a +0 robe (worn)
 f - a +1 helmet (worn)
Jewellery
 d - an amulet of faith
Scrolls
 i - a scroll of identify
 j - a scroll of magic mapping
Potions
 g - a potion of ambrosia


   Skills:
 + Level 2.6 Fighting
 + Level 0.9 Short Blades
 + Level 0.9 Long Blades
 + Level 0.9 Axes
 + Level 0.9 Maces & Flails
 + Level 0.9 Polearms
 + Level 0.9 Staves
 + Level 0.9 Slings
 + Level 2.6 Bows
 + Level 0.9 Crossbows
 + Level 0.9 Throwing
 + Level 2.6 Armour
 + Level 0.9 Dodging
 + Level 0.9 Stealth
 + Level 4.5 Shields
 + Level 0.9 Unarmed Combat
 + Level 5.0 Spellcasting
 + Level 0.6 Conjurations
 + Level 3.8 Hexes
 + Level 0.6 Summonings
 + Level 2.1 Necromancy
 + Level 0.6 Translocations
 + Level 0.6 Transmutations
 + Level 0.6 Fire Magic
 + Level 0.6 Ice Magic
 + Level 0.6 Air Magic
 + Level 0.6 Earth Magic
 + Level 0.6 Poison Magic
 + Level 1.0 Invocations
 + Level 0.9 Evocations


You had 11 spell levels left.
You knew the following spells:

 Your Spells              Type           Power      Damage    Failure   Level
a - Magic Dart            Conj           16%        1d3       14%         1

Your spell library contained the following spells:

 Spells                   Type           Power      Damage    Failure   Level
 Slow                     Hex            13%        N/A       6%          2
 Corpse Rot               Necr/Air       N/A        N/A       16%         2
 Blink                    Tloc           N/A        N/A       22%         2
 Call Imp                 Summ           4%         N/A       22%         2
 Poisonous Vapours        Pois/Air       8%         N/A       22%         2
 Conjure Flame            Conj/Fire      4%         6-21      41%         3
 Mephitic Cloud           Conj/Pois/Air  4%         N/A       41%         3


Dungeon Overview and Level Annotations

Branches:
Dungeon (3/15)

Altars:

Annotations:
D:3 Terence


Innate Abilities, Weirdness & Mutations

You have very sharp teeth.
Your uncanny sense of smell can sniff out nearby items.
Your experience applies equally to all skills.


Message History

You shoot an arrow. The arrow closely misses the bat.
The arrow hits Terence but does no damage.
The bat hits you but does no damage.
You shoot an arrow. The arrow closely misses the bat.
The bat barely misses you.
A hobgoblin comes into view.
You shoot an arrow. The arrow barely misses Terence.
The hobgoblin shouts!
The bat completely misses you. Terence hits you with a +0 flail.
You shoot an arrow. The arrow hits Terence.
Terence is lightly wounded.
The bat hits you but does no damage. Terence hits you with a +0 flail!
You shoot an arrow. The arrow hits Terence.
Terence is heavily wounded.
The bat barely misses you. Terence hits you with a +0 flail.
You are too injured to fight recklessly!
You are too injured to fight recklessly!
You are too injured to fight recklessly!
Okay, then.
Okay, then.
You are now empty-handed.
Terence misses you.
You barely miss Terence. Your bite misses Terence.
Terence is heavily wounded.
The bat hits you but does no damage. Terence hits you with a +0 flail.
* * * LOW HITPOINT WARNING * * *
You hit Terence but do no damage.
Terence is heavily wounded.
The bat closely misses you. Terence hits you with a +0 flail.
* * * LOW HITPOINT WARNING * * *
You hit Terence but do no damage.
Terence is heavily wounded.
The bat hits you but does no damage.
Terence says, "Don't bother to defend, it's useless."
Terence barely misses you.
You hit Terence but do no damage.
Terence is heavily wounded.
The bat misses you.
The hobgoblin hits you but does no damage.
Terence hits you with a +0 flail.
You die...

#............#
#..^.........#
#............##
+.............#
#.............#
#.............#
#..............
#........#####.
#.....b@@#
#.......g......
#..........(..(
..............(
...............
.....##........
..... .........
..... .(.......


You could see Terence, a hobgoblin and a bat.

Vanquished Creatures
  A worm (D:2)
  5 ball pythons
  4 endoplasms (D:1)
  3 giant cockroaches
  8 goblins
  6 hobgoblins
  2 jackals (D:1)
  2 frilled lizards
  3 kobolds
  6 rats
40 creatures vanquished.

Vanquished Creatures (others)
  2 fungi (D:1)
  3 plants (D:1)
5 creatures vanquished.

Grand Total: 45 creatures vanquished

Notes
Turn   | Place    | Note
-------+----------+-------------------------------------------
     0 | D:1      | meatgazer the Gnoll Wanderer began the quest for the Orb.
     0 | D:1      | meatgazer set off with the following items: a +0 shortbow,
                  | 26 arrows, a +0 robe; and the following spell memorised:
                  | Magic Dart; and the following spells available to memorise:
                  | Slow, Blink, Call Imp, Conjure Flame, Mephitic Cloud
     0 | D:1      | Reached XP level 1. HP: 17/17 MP: 6/6
    96 | D:1      | Reached XP level 2. HP: 23/23 MP: 7/7
   614 | D:1      | Found a faded altar of an unknown god.
   634 | D:1      | Reached XP level 3. HP: 28/28 MP: 9/9
   859 | D:1      | Reached skill level 5 in Spellcasting
  1101 | D:2      | Reached skill level 1 in Invocations
  1535 | D:3      | Noticed Terence
  1548 | D:3      | Slain by Terence

Illustrated notes

Levels and vault maps discovered:
D:1:      dpeg_arrival_rooms_with_view, layout_basic,
          shapermc_ecumenical_altar_mp_ritualfount, minmay_misc_feat_ornament,
          chequers_jeans
D:2:      layout_rooms
D:3:      gammafunk_steamed_eel, layout_basic,
          mainiacjoe_overflow_cross_hatched, minmay_ruptured, uniq_terence

Skill      XL: |  1  2  3 |
---------------+----------+-----
Necromancy     | 2 |  2.1
Spellcasting   | 5 |  5.0
Invocations    | 1 |  1.0
Fighting       | |  2.6
Short Blades   | |  0.9
Long Blades    | |  0.9
Axes           | |  0.9
Maces & Flails | |  0.9
Polearms       | |  0.9
Staves         | |  0.9
Slings         | |  0.9
Bows           | |  2.6
Crossbows      | |  0.9
Throwing       | |  0.9
Armour         | |  2.6
Dodging        | |  0.9
Stealth        | |  0.9
Shields        | |  4.5
Unarmed Combat | |  0.9
Conjurations   | |  0.6
Hexes          | |  3.8
Summonings     | |  0.6
Translocations | |  0.6
Transmutations | |  0.6
Fire Magic     | |  0.6
Ice Magic      | |  0.6
Air Magic      | |  0.6
Earth Magic    | |  0.6
Poison Magic   | |  0.6
Evocations     | |  0.9

Action                   || total
-------------------------++-------
Melee: Unarmed           ||     9
       Shortbow          ||     1
 Fire: Shortbow          ||   111
 Cast: Magic Dart        ||     4
  Use: Scroll            ||     6
       Potion            ||     4
Armor: Robe              ||    15
Dodge: Dodged            ||    24

Table legend: (Time is in decaauts)
 A = Elapsed time spent in this place.
 B = Non-inter-level travel time spent in this place.
 C = Inter-level travel time spent in this place.
 D = Time resting spent in this place.
 E = Time spent auto-exploring this place.
 F = Levels seen in this place.
 G = Mean time per level.
                   A        B        C        D        E       F      G
               +--------+--------+--------+--------+--------+-----+--------+
         Total |   1548 |   1521 |     27 |     34 |   1216 |   3 |  516.0 |
       Dungeon |   1548 |   1521 |     27 |     34 |   1216 |   3 |  516.0 |
               +--------+--------+--------+--------+--------+-----+--------+

Top non-repeatable levels by time:
     D:1: 908 daAuts
     D:2: 614 daAuts
     D:3: 24 daAuts
